 Dungeon Crawl Stone Soup version 0.28.0-1-gb440e238dd (webtiles) character file.

Game seed: 5537375029980444745

110 lonewolfV2 the Chopper (level 4, -4/40 HPs)
             Began as a Hill Orc Fighter on Feb 24, 2022.
             Was an Initiate of Beogh.
             Slain by an orc priest (7 damage)
             ... on level 3 of the Dungeon.
             The game lasted 00:05:20 (2508 turns).

lonewolfV2 the Chopper (Hill Orc Fighter)           Turns: 2508, Time: 00:05:22

Health: -4/40      AC:  7    Str: 20    XL:     4   Next: 91%
Magic:  4/4        EV:  9    Int:  8    God:    Beogh [......]
Gold:   106        SH:  5    Dex: 10    Spells: 3/3 levels left

rFire   . . .      SeeInvis .   a - +0 war axe
rCold   . . .      Faith    .   c - +1 buckler
rNeg    . . .      Spirit   .   b - +0 scale mail
rPois   .          Reflect  .   (no helmet)
rElec   .          Harm     .   (no cloak)
rCorr   .          Rampage  .   (no gloves)
Will    .....                   (no boots)
Stlth   ..........              (no amulet)
HPRegen 0.13/turn               (no ring)
MPRegen 0.09/turn               (no ring)

@: no status effects
A: no striking features
a: Renounce Religion


You were on level 3 of the Dungeon.
You worshipped Beogh.
Beogh was noncommittal.
You visited 1 branch of the dungeon, and saw 3 of its levels.

You collected 106 gold pieces.

Inventory:

Hand Weapons
 a - a +0 war axe (weapon)
Armour
 b - a +0 scale mail (worn)
 c - a +1 buckler (worn)
Jewellery
 f - a +6 ring of dexterity
 g - a ring of see invisible
Scrolls
 i - a scroll of brand weapon {unknown}
Potions
 d - a potion of might
 e - a potion of flight {unknown}
 h - 3 potions of magic
 k - a potion of berserk rage
 l - a potion of invisibility {unknown}
 m - 3 potions of heal wounds


   Skills:
 + Level 4.1 Fighting
 + Level 4.3 Axes
 + Level 4.0 Armour
 + Level 0.7 Dodging
 + Level 4.0 Shields


You had 3 spell levels left.
You didn't know any spells.
Your spell library was empty.

Dungeon Overview and Level Annotations

Branches:
Dungeon (3/15)

Altars:
Dithmenos

Annotations:
D:3 1 runed translucent door, Crazy Yiuf


Message History

You barely miss the endoplasm.
The endoplasm is moderately wounded.
You block the endoplasm's attack.
You slash the endoplasm!
You kill the endoplasm!
Beogh accepts your kill.
An orc and an orc priest come into view.
The orc is wielding a +2 whip of flaming.
The orc shouts!
The orc priest shouts!
You hear a shout!
An orc priest comes into view. It is wielding a +0 hand axe.
There is a stone staircase leading down here.
There are monsters nearby!
There are monsters nearby!
Okay, then.
A quokka comes into view.
The orc priest shouts!
An orc priest comes into view. It is wielding a +0 morningstar.
The orc hits you with a +2 whip of flaming.
The orc burns you.
You closely miss the orc.
The orc priest looks braver for a moment.
You barely miss the orc priest. You barely miss the orc.
The orc hits you but does no damage.
The orc priest hits you with a +0 falchion.
The orc hits you but does no damage.
You hit the orc priest but do no damage.
You barely miss the orc.
The orc priest invokes the aid of Beogh against you.
Beogh smites you!
The orc priest hits you with a +0 falchion.
The orc barely misses you.
The orc priest hits you with a +0 falchion.
You barely miss the orc priest. You hit the orc.
The orc priest mumbles some strange prayers to Beogh against you.
Beogh smites you!
* * * LOW HITPOINT WARNING * * *
You block the orc's attack.
The orc priest hits you with a +0 falchion!
You die...
Beogh appreciates the orc priest's killing of a heretic priest.

##...#.# .##...#.######
..<..#......... ##
###..†..####### ..
#.....).... #.#
#....####### ..# #.##.#
#. ... ###.##.# #.###o#
....##.# #..@or#
.#####.# #####o##o....
.......# ##...#.# #..
..####.####....>.##.
..###...##..............
......<....†.....##.##.#
#####...##.......# #
.......####.........
######## ##...####.


You could see 3 orc priests, an orc and a quokka.

Vanquished Creatures
  A gnoll (D:1)
  An adder (D:2)
  3 worms
  2 dart slugs (D:1)
  4 orcs (D:3)
  9 endoplasms
  A giant cockroach (D:2)
  3 goblins
  4 hobgoblins
  8 jackals (D:1)
  4 quokkas
  5 ball pythons
  9 bats
  2 frilled lizards
  4 kobolds
  9 rats
69 creatures vanquished.

Vanquished Creatures (others)
  A worm (D:3)
  4 orcs (D:3)
5 creatures vanquished.

Grand Total: 74 creatures vanquished

Notes
Turn   | Place    | Note
-------+----------+-------------------------------------------
     0 | D:1      | lonewolfV2 the Hill Orc Fighter began the quest for the
                  | Orb.
     0 | D:1      | Reached XP level 1. HP: 19/19 MP: 1/1
   251 | D:1      | Reached XP level 2. HP: 27/27 MP: 2/2
   351 | D:1      | Reached XP level 3. HP: 28/33 MP: 3/3
  1085 | D:2      | Reached XP level 4. HP: 40/40 MP: 4/4
  1324 | D:2      | Noticed an eye of devastation
  1331 | D:2      | Found a faded altar of an unknown god.
  1331 | D:2      | Noticed an eye of devastation
  1337 | D:2      | Noticed an eye of devastation
  1345 | D:2      | Noticed a floating eye
  1501 | D:2      | Found a shadowy altar of Dithmenos.
  2050 | D:3      | Became a worshipper of Beogh the Brigand
  2311 | D:3      | Found a runed translucent door.
  2312 | D:3      | Noticed Crazy Yiuf
  2508 | D:3      | Slain by an orc priest

Illustrated notes

Levels and vault maps discovered:
D:1:      psy_arrival_statuary, layout_loops_ring, minmay_hexomino_f4
D:2:      layout_rooms, basic_altar, hellmonk_ecumenical_altar_watching_god,
          chequers_hall_statues_y
D:3:      layout_loops_ring, st_stairs_7, nicolae_wormholes, uniq_grinder,
          uniq_crazy_yiuf_cottage

Skill      XL: |  1  2  3  4 |
---------------+-------------+-----
Axes           | 3 4 |  4.3
Fighting       | 4 |  4.1
Shields        | 4 |  4.0
Armour         | 4 |  4.0
Dodging        | |  0.7

Action                   |  1- 3 |  4- 6 || total
-------------------------+-------+-------++-------
Melee: War axe           |    97 |    97 ||   194
Invok: Convert to Beogh  |       |     1 ||     1
  Use: Scroll            |     3 |     3 ||     6
Armor: Scale mail        |    43 |    51 ||    94
Dodge: Dodged            |    76 |    50 ||   126
Block: Buckler           |    38 |    28 ||    66
